AoeStats
← MeLoveXbox

Black Forest

509017935Analyzed
2v2 RM · 8d ago on Sep 25, 2026· 20m 32s· 4 players
Game mode
Random Map
Map size
Medium (4 player)
Population
200
Speed
Normal
Resources
Standard
Victory
Conquest
Starting age
Dark Age
Ending age
Imperial Age
RankedLock teamsTeams togetherTeam positionsShared explorationLock speedFull tech treeHidden civsTurbo modeCheats
Victory
Defeat
🇩🇿 Lithuanians · Algeria
1765
+12
🇩🇿 Japanese · Algeria
1738
+13
🇺🇸 Lithuanians · United States
1692
-13
🇦🇷 Teutons · Argentina
1654
-12
MeLoveXbox
0:39 Loom
12:21 Feudal Age
12:52 Double-Bit Axe
12:53 Town Watch
14:20 Fletching
gabi98bac
0:45 Loom
11:30 Feudal Age
12:22 Double-Bit Axe
15:00 Fletching
18:02 Horse Collar
20:27 Wheelbarrow
EagleWarrior420
0:53 Loom
10:34 Feudal Age
11:12 Double-Bit Axe
20:37 Castle Age
19:13 Horse Collar
Audi performance
2:02 Loom
12:40 Feudal Age
14:07 Double-Bit Axe
14:51 Fletching
14:46 Horse Collar
19:00 Horse Collar
23:06 Castle Age
Connection lost

Rejoining the realm…

Still unreachable

The connection could not be restored.

Session expired

The server has moved on; the page needs a fresh start.